 Dungeon Crawl Stone Soup version 0.23.0 (webtiles) character file.

Game seed: 9980995738787020820

464 theswoord the Agent of Entropy (level 6, -6/47 HPs)
             Began as a Demonspawn Abyssal Knight on Feb 10, 2019.
             Was a Priest of Lugonu.
             Killed from afar by Dowan (9 damage)
             ... with a puff of frost
             ... on level 5 of the Dungeon.
             The game lasted 00:09:14 (4070 turns).

theswoord the Agent of Entropy (DsAK)               Turns: 4070, Time: 00:09:14

Health: -6/47      AC:  2    Str: 12    XL:     6   Next: 80%
Magic:  11/11      EV:  5    Int: 14    God:    Lugonu [***...]
Gold:   314        SH:  0    Dex: 16    Spells: 5/5 levels left

rFire    + . .     SeeInvis .   a - +2 hand axe
rCold    . . .     Gourm    .   (no shield)
rNeg     . . .     Faith    .   e - +0 chain mail
rPois    .         Spirit   .   (helmet restricted)
rElec    .         Reflect  .   (no cloak)
rCorr    .         Harm     .   j - +1 pair of gloves
MR       .....                  (no boots)
Stlth    ..........             (no amulet)
HPRegen  0.15/turn              (no ring)
MPRegen  0.12/turn              (no ring)

@: about to teleport, corroded
A: antennae 1, thin skeletal structure 1, fire resistance 1, spiny 1
a: Depart the Abyss, Bend Space, Banish, Renounce Religion


You were on level 5 of the Dungeon.
You worshipped Lugonu.
Lugonu was most pleased with you.
You were very hungry.

You visited 1 branch of the dungeon, and saw 5 of its levels.
You visited the Abyss 1 time.

You collected 314 gold pieces.

Inventory:

Hand Weapons
 a - a +2 hand axe (weapon)
Armour
 b - a +0 leather armour
 e - a +0 chain mail (worn)
 j - a +1 pair of gloves (worn)
 l - a +0 helmet
 m - a +0 ring mail
Scrolls
 h - a scroll of amnesia
 i - 7 scrolls of remove curse
 q - a scroll of enchant weapon
Potions
 k - a potion of curing
 n - 3 potions of agility
 o - 2 potions of brilliance
 r - a potion of invisibility
 s - a potion of might {unknown}
Comestibles
 c - 8 rations


   Skills:
 - Level 3.0 Fighting
 + Level 4.9 Axes
 - Level 1.7 Armour
 - Level 0.8 Dodging
 + Level 7.0 Invocations


You had 5 spell levels left.
You didn't know any spells.
Your spell library was empty.

Dungeon Overview and Level Annotations

Branches:
Dungeon (5/15)             Temple (0/1) D:4

Altars:
Ashenzari
Cheibriados
Kikubaaqudgha
Nemelex Xobeh
Qazlal

Annotations:
D:5 Dowan, Duvessa


Innate Abilities, Weirdness & Mutations

You have a pair of small antennae on your head.
You have a somewhat thin skeletal structure. (Dex +2, Stealth)
Your flesh is heat resistant. (rF+)
You are partially covered in sharp spines.


Message History

* * * LOW HITPOINT WARNING * * *
The jelly hits you but does no damage.
An ogre comes into view. It is wielding a +0 giant spiked club.
You hit the jelly but do no damage.
Your hands burn!
* * * LOW HITPOINT WARNING * * *
The jelly is struck by your spines. The jelly hits you.
* * * LOW HITPOINT WARNING * * *
You are splashed with acid!
* * * LOW HITPOINT WARNING * * *
As you read the scroll of teleportation, it crumbles to dust.
You feel strangely unstable. The jelly hits you.
* * * LOW HITPOINT WARNING * * *
You are splashed with acid.
* * * LOW HITPOINT WARNING * * *
Okay, then.
Okay, then.
Dowan shouts!
Dowan points at you and mumbles some strange words.
The puff of frost hits you!
You die...

....#.#.# ##### ..#.#.#
#.... .. ......
...>.####.### ... .....
#J.....#.# ##'##..'###
#..)...#.# #.........#
#..)...#.# ..........#
#...####.#
#.........#######...# #.#
...........@J.O.#<..####.#
#.#)..#.###..........#
#..#.#........########
#......(((...).((...(.
#..###..##############
#..# ##.. #e.# ##.. e...
#.. ..... ##


You could see Duvessa, an ogre, Dowan and a jelly.

Vanquished Creatures
  A centaur (D:5)
  A howler monkey (D:5)
  A centaur zombie (D:5)
  An orc wizard (D:5)
  A worker ant (D:5)
  A hound zombie (D:5)
  Robin (D:3)
  7 gnolls
  5 adders
  An ooze (D:3)
  An adder zombie (D:5)
  2 worms
  2 dart slugs
  5 leopard geckos
  9 orcs
  4 giant cockroaches
  20 goblins
  8 hobgoblins
  6 jackals
  3 quokkas
  2 bats
  3 frilled lizards
  A jackal skeleton (D:3)
  9 kobolds
  8 rats
103 creatures vanquished.

Vanquished Creatures (others)
  6 toadstools (D:1)
6 creatures vanquished.

Grand Total: 109 creatures vanquished

Notes
Turn   | Place    | Note
-------+----------+-------------------------------------------
     0 | Abyss:1  | theswoord the Demonspawn Abyssal Knight began the quest for
                  | the Orb.
     0 | Abyss:1  | Reached XP level 1. HP: 18/18 MP: 2/2
    22 | D:1      | Escaped the Abyss
    96 | D:1      | Reached skill level 3 in Invocations
    96 | D:1      | Gained mutation: Your flesh is heat resistant. (rF+)
                  | [demonic ancestry]
    96 | D:1      | Reached XP level 2. HP: 6/24 MP: 2/4
   934 | D:2      | Reached ** piety under Lugonu
   952 | D:2      | Gained mutation: You have a somewhat thin skeletal
                  | structure. (Dex +2, Stealth) [demonic ancestry]
   952 | D:2      | Reached XP level 3. HP: 24/29 MP: 5/5
  1096 | D:2      | Reached skill level 4 in Invocations
  1099 | D:2      | Reached XP level 4. HP: 21/35 MP: 5/7
  1454 | D:2      | Found a stormy altar of Qazlal.
  1567 | D:3      | Found a faded altar of an unknown god.
  1591 | D:3      | Found an ancient bone altar of Kikubaaqudgha.
  1591 | D:3      | Found a snail-covered altar of Cheibriados.
  1739 | D:3      | Noticed Robin
  1870 | D:3      | Reached skill level 5 in Invocations
  1881 | D:3      | Killed Robin
  1881 | D:3      | Reached *** piety under Lugonu
  1883 | D:3      | Gained mutation: You are partially covered in sharp spines.
                  | [demonic ancestry]
  1883 | D:3      | Reached XP level 5. HP: 23/41 MP: 8/8
  2308 | D:3      | Found a shattered altar of Ashenzari.
  2847 | D:4      | Found a staircase to the Ecumenical Temple.
  2857 | D:4      | Found a sparkling altar of Nemelex Xobeh.
  3421 | D:5      | Entered Level 5 of the Dungeon
  3556 | D:5      | Noticed a centaur
  3572 | D:5      | Noticed Duvessa
  3572 | D:5      | Noticed Dowan
  3684 | D:5      | Reached skill level 6 in Invocations
  3684 | D:5      | Gained mutation: You have a pair of small antennae on your
                  | head. [demonic ancestry]
  3684 | D:5      | Reached XP level 6. HP: 42/47 MP: 10/10
  4041 | D:5      | Reached skill level 7 in Invocations
  4067 | D:5      | HP: 2/47 [acid (5)]
  4070 | D:5      | Killed from afar by Dowan

Skill      XL: |  1  2  3  4  5  6 |
---------------+-------------------+-----
Axes           | 2 3 4 |  4.9
Invocations    | 3 4 5 6 7 |  7.0
Fighting       | |  3.0
Armour         | |  1.7
Dodging        | |  0.8

Action                   |  1- 3 |  4- 6 || total
-------------------------+-------+-------++-------
Melee: Hand axe          |    92 |   210 ||   302
  Use: Scroll            |     6 |    10 ||    16
       Potion            |     1 |     1 ||     2
  Eat: Chunk             |     1 |     8 ||     9
Armor: Leather armour    |    18 |       ||    18
       Ring mail         |    14 |    28 ||    42
       Chain mail        |       |   139 ||   139
Dodge: Dodged            |    47 |    68 ||   115

Levels and vault maps discovered:
D:1:      eino_arrival_druids_welcome, layout_rooms, minmay_gold_behind_fungi
D:2:      layout_basic, nicolae_qazlal_general_emergency,
          kennysheep_generic_room_15
D:3:      kennysheep_goblin_castle, layout_loops_ring, lemuel_doored_altar,
          gammafunk_temple_overflow_statue, chequers_ecumenical_altar_island,
          dk_noncrumbling_3, minmay_goblin_kobold_house
D:4:      layout_basic, nemelex_xobeh_ov_fountains_minmay,
          minmay_temple_entry_arrows, kennysheep_generic_room_13
D:5:      layout_basic, first_ration, led_sif_book, uniq_duvessa
Abyss:1
